| TOP OF THE 1ST |
|
Gwinnett Braves batting - Pitching for Albuquerque Isotopes : RHP Mark Hincks
|
|
Pitching: RHP Mark Hincks
|
|
|
Batting: RHB Bill Turnbull
|
0-0: Called Strike 0-1: Bunted foul 0-2: Ball 1-2: Ball 2-2: Fly out, F4 (Line Drive, 4, EV 68.1 MPH)
|
|
Batting: RHB Neal Tinoco
|
0-0: Ball 1-0: Ball 2-0: Ball 3-0: Base on Balls
|
|
Batting: RHB Chris Sharpe
|
0-0: Foul Ball, location: 2F 0-1: Ball 1-1: Ball 2-1: Called Strike 2-2: Foul Ball, location: 2F 2-2: SINGLE (Groundball, 56D, EV 108.8 MPH) Neal Tinoco to second Neal Tinoco to third
|
|
Batting: RHB Jake Lang
|
0-0: Ball Chris Sharpe steals 2nd base 1-0: Foul Ball, location: 2F 1-1: Called Strike 1-2: Fly out, F3 (Popup, 3F, EV 62.5 MPH)
|
|
Batting: RHB Corey Dalton
|
0-0: Ball 1-0: Ball 2-0: Foul Ball, location: 2F 2-1: Foul Ball, location: 2F 2-2: Fly out, F3 (Popup, 3SF, EV 85.0 MPH)
|
| Top of the 1st over - 0 runs, 1 hit, 0 errors, 2 left on base; Gwinnett 0 - Albuquerque 0 |
| BOTTOM OF THE 1ST |
|
Albuquerque Isotopes batting - Pitching for Gwinnett Braves : LHP Eduardo Baez
|
|
Pitching: LHP Eduardo Baez
|
|
|
Batting: RHB Logan Morgan
|
0-0: Ground out 5-3 (Groundball, 56S, EV 87.5 MPH)
|
|
Batting: RHB Joe LaDue
|
0-0: Called Strike 0-1: Ball 1-1: Swinging Strike 1-2: SINGLE (Groundball, 6MD, EV 104.4 MPH)
|
|
Batting: RHB Eddie McCoy
|
0-0: Called Strike Joe LaDue steals 2nd base 0-1: Ball 1-1: Ball 2-1: Ball 3-1: Base on Balls
|
|
Batting: RHB Vinny Estrada
|
0-0: Swinging Strike 0-1: Ball 1-1: Foul Ball, location: 2F 1-2: Foul Ball, location: 2F 1-2: Ball 2-2: Strikes out swinging
|
|
Batting: RHB Ron Johansen
|
0-0: Ball 1-0: Fly out, F7 (Flyball, 78M, EV 86.9 MPH)
|
| Bottom of the 1st over - 0 runs, 1 hit, 0 errors, 2 left on base; Gwinnett 0 - Albuquerque 0 |
| TOP OF THE 2ND |
|
Gwinnett Braves batting - Pitching for Albuquerque Isotopes : RHP Mark Hincks
|
|
Batting: LHB Mark Buchholz
|
0-0: Swinging Strike 0-1: Foul Ball, location: 2F 0-2: Ball 1-2: Ball 2-2: Strikes out swinging
|
|
Batting: RHB Jesse Lester
|
0-0: Ball 1-0: Foul Ball, location: 2F 1-1: Swinging Strike 1-2: Foul Ball, location: 2F 1-2: Ball 2-2: Foul Ball, location: 2F 2-2: Strikes out looking
|
|
Batting: SHB Eric Reeser
|
0-0: Ball 1-0: Foul Ball, location: 2F 1-1: Ground out 4-3 (Groundball, 4, EV 83.8 MPH)
|
| Top of the 2nd over - 0 runs, 0 hits, 0 errors, 0 left on base; Gwinnett 0 - Albuquerque 0 |
| BOTTOM OF THE 2ND |
|
Albuquerque Isotopes batting - Pitching for Gwinnett Braves : LHP Eduardo Baez
|
|
Batting: RHB Bobby Heagle
|
0-0: Called Strike 0-1: Ball 1-1: Foul Ball, location: 2F 1-2: Reached via error on a dropped throw from 1B, E1 (Groundball, 34S, EV 85.0 MPH)
|
|
Batting: LHB Pablo Cardona
|
0-0: Called Strike 0-1: Ball 1-1: Fielders Choice at 2nd, 4-6 (Groundball, 4, EV 90.0 MPH)
|
|
Batting: RHB John Freeman
|
0-0: Foul Ball, location: 2F 0-1: Fly out, F8 (Flyball, 8RM, EV 90.6 MPH)
|
|
Batting: RHB Brian Landrum
|
0-0: Ball 1-0: Ball 2-0: Foul Ball, location: 2F 2-1: Foul Ball, location: 2F 2-2: Foul Ball, location: 2F 2-2: Ball 3-2: Ground out 5-3 (Groundball, 56S, EV 64.4 MPH)
|
| Bottom of the 2nd over - 0 runs, 0 hits, 1 error, 1 left on base; Gwinnett 0 - Albuquerque 0 |
| TOP OF THE 3RD |
|
Gwinnett Braves batting - Pitching for Albuquerque Isotopes : RHP Mark Hincks
|
|
Batting: SHB Tim Rodgers
|
0-0: Bunted foul 0-1: Ball 1-1: Ball 2-1: Ground out U3 (Groundball, 3, EV 83.8 MPH)
|
|
Batting: RHB Bill Turnbull
|
0-0: Called Strike 0-1: Ball 1-1: Ball 2-1: Ball 3-1: SINGLE (Groundball, 6S, EV 64.4 MPH) (infield hit)
|
|
Batting: RHB Neal Tinoco
|
0-0: Ball 1-0: Ball Bill Turnbull steals 2nd base 2-0: Foul Ball, location: 2F 2-1: Ball 3-1: SINGLE (Groundball, 4MD, EV 102.5 MPH) Bill Turnbull to third Runner from 3rd tries for Home, throw by CF and OUT! 8-2
|
|
Batting: RHB Chris Sharpe
|
0-0: Ball Neal Tinoco steals 2nd base (no throw) 1-0: Ball 2-0: Ground out 6-3 (Groundball, 6, EV 83.8 MPH)
|
| Top of the 3rd over - 0 runs, 2 hits, 0 errors, 1 left on base; Gwinnett 0 - Albuquerque 0 |
| BOTTOM OF THE 3RD |
|
Albuquerque Isotopes batting - Pitching for Gwinnett Braves : LHP Eduardo Baez
|
|
Batting: RHB Logan Morgan
|
0-0: Ball 1-0: Foul Ball, location: 2F 1-1: Swinging Strike 1-2: Foul Ball, location: 2F 1-2: Hit by Pitch
|
|
Batting: RHB Joe LaDue
|
0-0: Grounds into double play, 5-4-3 (Groundball, 56, EV 83.1 MPH)
|
|
Batting: RHB Eddie McCoy
|
0-0: Ball 1-0: Swinging Strike 1-1: Ball 2-1: Foul Ball, location: 2F 2-2: Ball 3-2: Base on Balls
|
|
Batting: RHB Vinny Estrada
|
0-0: Fly out, F8 (Flyball, 8RS, EV 98.1 MPH)
|
| Bottom of the 3rd over - 0 runs, 0 hits, 0 errors, 1 left on base; Gwinnett 0 - Albuquerque 0 |
| TOP OF THE 4TH |
|
Gwinnett Braves batting - Pitching for Albuquerque Isotopes : RHP Mark Hincks
|
|
Batting: RHB Jake Lang
|
0-0: Ball 1-0: Called Strike 1-1: Hit by Pitch
|
|
Batting: RHB Corey Dalton
|
0-0: Grounds into double play, 6-4-3 (Groundball, 6, EV 88.1 MPH)
|
|
Batting: LHB Mark Buchholz
|
0-0: Ball 1-0: Fly out, F7 (Flyball, 78XD, EV 95.0 MPH)
|
| Top of the 4th over - 0 runs, 0 hits, 0 errors, 0 left on base; Gwinnett 0 - Albuquerque 0 |
| BOTTOM OF THE 4TH |
|
Albuquerque Isotopes batting - Pitching for Gwinnett Braves : LHP Eduardo Baez
|
|
Batting: RHB Ron Johansen
|
0-0: Ball 1-0: Ball 2-0: Ball 3-0: Foul Ball, location: 2F 3-1: Base on Balls
|
|
Batting: RHB Bobby Heagle
|
0-0: Called Strike 0-1: Ball Wild Pitch! Ron Johansen to second 1-1: Ball 2-1: Ball 3-1: 2-RUN HOME RUN (Flyball, 7D, EV 98.1 MPH), Distance : 372 ft
|
|
Batting: LHB Pablo Cardona
|
0-0: Ball 1-0: Ball 2-0: Ball 3-0: Called Strike 3-1: Swinging Strike 3-2: Foul Ball, location: 2F 3-2: Foul Ball, location: 2F 3-2: Base on Balls
|
|
Batting: RHB John Freeman
|
0-0: Ball 1-0: Foul Ball, location: 2F 1-1: SINGLE (Groundball, 56S, EV 69.4 MPH) (infield hit) Pablo Cardona to second
|
|
Batting: RHB Brian Landrum
|
0-0: Ball 1-0: Swinging Strike 1-1: Foul Ball, location: 2F 1-2: Ball 2-2: Strikes out swinging
|
|
Batting: RHB Logan Morgan
|
0-0: Ball 1-0: Swinging Strike 1-1: Fly out, F7 (Line Drive, 7, EV 92.5 MPH)
|
|
Batting: RHB Joe LaDue
|
0-0: Ball 1-0: Foul Ball, location: 2F 1-1: Fly out, F8 (Flyball, 89S, EV 86.9 MPH)
|
| Bottom of the 4th over - 2 runs, 2 hits, 0 errors, 2 left on base; Gwinnett 0 - Albuquerque 2 |
| TOP OF THE 5TH |
|
Gwinnett Braves batting - Pitching for Albuquerque Isotopes : RHP Mark Hincks
|
|
Batting: RHB Jesse Lester
|
0-0: Ball 1-0: Ball 2-0: Foul Ball, location: 2F 2-1: Ball 3-1: Base on Balls
|
|
Batting: SHB Eric Reeser
|
0-0: SINGLE (Line Drive, 6, EV 96.2 MPH) Jesse Lester to second
|
|
Batting: SHB Tim Rodgers
|
0-0: Foul Ball, location: 2F 0-1: Ball 1-1: Fly out, F7 (Flyball, 7D, EV 100.0 MPH) Runner from 2nd tags up, SAFE at 3rd with throw by LF
|
|
Batting: RHB Bill Turnbull
|
0-0: Ball 1-0: Ball 2-0: Ball 3-0: Called Strike 3-1: Foul Ball, location: 2F 3-2: Foul Ball, location: 2F 3-2: Hit by Pitch Eric Reeser to second
|
|
Batting: RHB Neal Tinoco
|
0-0: Ball 1-0: Fly out, F8 (Flyball, 8RD, EV 102.5 MPH) Runner from 3rd tags up, SCORES, throw by CF Eric Reeser to third
|
|
Batting: RHB Chris Sharpe
|
0-0: Ball 1-0: Ball 2-0: Foul Ball, location: 2F 2-1: Ball 3-1: SINGLE (Groundball, 34, EV 97.5 MPH) Eric Reeser scores Bill Turnbull to second Runner from 2nd tries for 3rd, SAFE, throw by RF made to third Chris Sharpe to second
|
|
Batting: RHB Jake Lang
|
0-0: Ball 1-0: Called Strike 1-1: SINGLE (Groundball, 4MD, EV 95.0 MPH) Bill Turnbull scores Chris Sharpe to third Runner from 3rd tries for Home, SAFE, throw by CF to home Jake Lang to second
|
|
Batting: RHB Corey Dalton
|
0-0: Called Strike 0-1: Ball 1-1: Foul Ball, location: 2F 1-2: Strikes out swinging
|
| Top of the 5th over - 4 runs, 3 hits, 0 errors, 1 left on base; Gwinnett 4 - Albuquerque 2 |
| BOTTOM OF THE 5TH |
|
Albuquerque Isotopes batting - Pitching for Gwinnett Braves : LHP Eduardo Baez
|
|
Batting: RHB Eddie McCoy
|
0-0: Ball 1-0: Swinging Strike 1-1: Swinging Strike 1-2: Foul Ball, location: 2F 1-2: Ball 2-2: SINGLE (Flyball, 34D, EV 90.0 MPH)
|
|
Batting: RHB Vinny Estrada
|
0-0: Ball 1-0: Foul Ball, location: 2F 1-1: Foul Ball, location: 2F 1-2: Ball 2-2: Ball 3-2: Strikes out swinging
|
|
Batting: RHB Ron Johansen
|
0-0: Called Strike 0-1: SINGLE (Line Drive, 6D, EV 96.2 MPH) Eddie McCoy to second
|
|
Batting: RHB Bobby Heagle
|
0-0: Called Strike 0-1: Foul Ball, location: 2F 0-2: Strikes out looking
|
|
Batting: LHB Pablo Cardona
|
0-0: Ball 1-0: Called Strike 1-1: Ball 2-1: Foul Ball, location: 2F 2-2: Strikes out swinging
|
| Bottom of the 5th over - 0 runs, 2 hits, 0 errors, 2 left on base; Gwinnett 4 - Albuquerque 2 |
| TOP OF THE 6TH |
|
Gwinnett Braves batting - Pitching for Albuquerque Isotopes : RHP Mark Hincks
|
|
Pitching: RHP Jim Averette
|
|
|
Batting: LHB Mark Buchholz
|
0-0: Ball 1-0: Fly out, F6 (Popup, P, EV 79.4 MPH)
|
|
Batting: RHB Jesse Lester
|
0-0: Called Strike 0-1: Called Strike 0-2: Foul Ball, location: 2F 0-2: Ball 1-2: Ball 2-2: Ground out 6-3 (Groundball, 6MS, EV 86.9 MPH)
|
|
Batting: SHB Eric Reeser
|
0-0: Ball 1-0: SINGLE (Groundball, 6D, EV 108.1 MPH)
|
|
Batting: SHB Tim Rodgers
|
0-0: Ball 1-0: Called Strike 1-1: Foul Ball, location: 2F 1-2: Strikes out swinging
|
| Top of the 6th over - 0 runs, 1 hit, 0 errors, 1 left on base; Gwinnett 4 - Albuquerque 2 |
| BOTTOM OF THE 6TH |
|
Albuquerque Isotopes batting - Pitching for Gwinnett Braves : LHP Eduardo Baez
|
|
Pitching: RHP Steve Dripps
|
|
|
Batting: RHB John Freeman
|
0-0: Ball 1-0: Foul Ball, location: 2F 1-1: Ball 2-1: Ball 3-1: Foul Ball, location: 2F 3-2: Base on Balls
|
|
Batting: RHB Brian Landrum
|
|
|
Pinch Hitting: RHB Mike Thornton
|
0-0: Called Strike 0-1: Called Strike 0-2: Ball 1-2: Strikes out swinging
|
|
Batting: RHB Logan Morgan
|
0-0: Called Strike John Freeman steals 2nd base 0-1: Ball 1-1: Called Strike 1-2: Foul Ball, location: 2F 1-2: Strikes out swinging
|
|
Batting: RHB Joe LaDue
|
0-0: Ball 1-0: Foul Ball, location: 2F 1-1: Ball 2-1: Foul Ball, location: 2F 2-2: Ball 3-2: Strikes out swinging
|
| Bottom of the 6th over - 0 runs, 0 hits, 0 errors, 1 left on base; Gwinnett 4 - Albuquerque 2 |
| TOP OF THE 7TH |
|
Gwinnett Braves batting - Pitching for Albuquerque Isotopes : RHP Jim Averette
|
|
Now at SS: Aaron Mobley
|
|
|
Batting: RHB Bill Turnbull
|
0-0: Called Strike 0-1: Swinging Strike 0-2: Foul Ball, location: 2F 0-2: Strikes out swinging
|
|
Batting: RHB Neal Tinoco
|
0-0: Ball 1-0: Called Strike 1-1: Ground out U3 (Groundball, 13, EV 86.2 MPH)
|
|
Batting: RHB Chris Sharpe
|
0-0: DOUBLE (Flyball, 9D, EV 81.9 MPH)
|
|
Batting: RHB Jake Lang
|
0-0: Called Strike 0-1: Ball 1-1: Ball 2-1: Ball 3-1: Foul Ball, location: 2F 3-2: Foul Ball, location: 2F 3-2: Fly out, F4 (Popup, 4D, EV 64.4 MPH)
|
| Top of the 7th over - 0 runs, 1 hit, 0 errors, 1 left on base; Gwinnett 4 - Albuquerque 2 |
| BOTTOM OF THE 7TH |
|
Albuquerque Isotopes batting - Pitching for Gwinnett Braves : RHP Steve Dripps
|
|
Batting: RHB Eddie McCoy
|
0-0: Called Strike 0-1: Foul Ball, location: 2F 0-2: Ball 1-2: Ball 2-2: Ball 3-2: Base on Balls
|
|
Batting: RHB Vinny Estrada
|
0-0: Ball 1-0: DOUBLE (Line Drive, 78D, EV 99.4 MPH) Eddie McCoy to third
|
|
Batting: RHB Ron Johansen
|
0-0: Ground out U3 (Groundball, 34, EV 86.9 MPH) Eddie McCoy scores Vinny Estrada to third
|
|
Batting: RHB Bobby Heagle
|
0-0: Called Strike 0-1: Swinging Strike 0-2: Ball 1-2: SINGLE (Groundball, 6, EV 85.6 MPH) (infield hit) Vinny Estrada scores
|
|
Batting: LHB Pablo Cardona
|
0-0: Ball 1-0: Ball 2-0: Fly out, F8 (Line Drive, 8RM, EV 93.1 MPH)
|
|
Batting: RHB John Freeman
|
0-0: Ball 1-0: Ball 2-0: Called Strike Bobby Heagle is caught stealing 2nd base 2-4
|
| Bottom of the 7th over - 2 runs, 2 hits, 0 errors, 0 left on base; Gwinnett 4 - Albuquerque 4 |
| TOP OF THE 8TH |
|
Gwinnett Braves batting - Pitching for Albuquerque Isotopes : RHP Jim Averette
|
|
Pitching: RHP Jason Miles
|
|
|
Batting: RHB Corey Dalton
|
0-0: Ball 1-0: Called Strike 1-1: Ball 2-1: Swinging Strike 2-2: Foul Ball, location: 2F 2-2: Foul Ball, location: 2F 2-2: Fly out, F7 (Flyball, 78D, EV 84.4 MPH)
|
|
Batting: LHB Mark Buchholz
|
0-0: Called Strike 0-1: Swinging Strike 0-2: Foul Ball, location: 2F 0-2: Ball 1-2: Foul Ball, location: 2F 1-2: Fly out, F8 (Flyball, 8LD, EV 96.9 MPH)
|
|
Batting: RHB Jesse Lester
|
0-0: Ball 1-0: Ball 2-0: Ground out U3 (Groundball, 23, EV 86.2 MPH)
|
| Top of the 8th over - 0 runs, 0 hits, 0 errors, 0 left on base; Gwinnett 4 - Albuquerque 4 |
| BOTTOM OF THE 8TH |
|
Albuquerque Isotopes batting - Pitching for Gwinnett Braves : RHP Steve Dripps
|
|
Pitching: RHP Jeff Miller
|
|
|
Batting: RHB John Freeman
|
0-0: Foul Ball, location: 2F 0-1: Called Strike 0-2: Fly out, F8 (Flyball, 78D, EV 105.0 MPH)
|
|
Batting: LHB Aaron Mobley
|
0-0: Ball 1-0: Called Strike 1-1: Foul Ball, location: 2F 1-2: Strikes out swinging
|
|
Batting: RHB Logan Morgan
|
0-0: SINGLE (Line Drive, 6D, EV 104.4 MPH)
|
|
Batting: RHB Joe LaDue
|
0-0: Called Strike 0-1: Ball 1-1: Called Strike Logan Morgan steals 2nd base 1-2: Ball 2-2: DOUBLE (Groundball, 3L, EV 102.5 MPH) Logan Morgan scores
|
|
Batting: RHB Eddie McCoy
|
0-0: Intentional Walk
|
|
Batting: RHB Vinny Estrada
|
0-0: Called Strike 0-1: Reached on error, E4 (Groundball, 4, EV 99.4 MPH) Joe LaDue scores Eddie McCoy to third
|
|
Batting: RHB Ron Johansen
|
0-0: Intentional Walk
|
|
Batting: RHB Bobby Heagle
|
0-0: Ball 1-0: SINGLE (Groundball, 4MD, EV 97.5 MPH) Eddie McCoy scores Vinny Estrada to third Ron Johansen to second Runner from 3rd tries for Home, throw by CF and OUT! 8-2
|
| Bottom of the 8th over - 3 runs, 3 hits, 1 error, 2 left on base; Gwinnett 4 - Albuquerque 7 |
| TOP OF THE 9TH |
|
Gwinnett Braves batting - Pitching for Albuquerque Isotopes : RHP Jason Miles
|
|
Pitching: RHP Jeff Swomley
|
|
|
Batting: SHB Eric Reeser
|
0-0: Ball 1-0: Foul Ball, location: 2F 1-1: Called Strike 1-2: Reached on error, E7 (Flyball, 78M, EV 71.9 MPH)
|
|
Batting: SHB Tim Rodgers
|
0-0: Fielders Choice at 2nd, 4-6 (Groundball, 4, EV 85.6 MPH)
|
|
Batting: RHB Bill Turnbull
|
0-0: Called Strike 0-1: Ball 1-1: Ball 2-1: Called Strike 2-2: Grounds into double play, 4-6-3 (Groundball, 4M, EV 84.4 MPH)
|
| Top of the 9th over - 0 runs, 0 hits, 1 error, 0 left on base; Gwinnett 4 - Albuquerque 7 |
|